 Dungeon Crawl Stone Soup version 0.30-b1-2-g02819fbbbe (webtiles) character file.

Game seed: 10397204666874892136

1509 MajorAdolf the Conjurer (level 8, 0/81 HPs)
             Began as a Naga Wanderer on Sept 2, 2023.
             Was a Follower of Ru.
             Slain by an orc warrior
             ... wielding a +0 broad axe
              (11 damage)
             ... in a bailey.
             The game lasted 00:14:22 (8581 turns).

MajorAdolf the Conjurer (Naga Wanderer)             Turns: 8581, Time: 00:14:24

Health: 0/81       AC:  4    Str: 20    XL:     8   Next: 82%
Magic:  5/15       EV:  8    Int: 15    God:    Ru [*.....]
Gold:   274        SH:  3    Dex:  7    Spells: 11/17 levels left

rFire   + . .        h - staff of fire "Noussoni" {rElec rF+ rCorr Str+4 Dex-2}
rCold   + . .        F - +0 buckler
rNeg    . . .        z - +0 robe
rPois   +            (no helmet)
rElec   +            (no cloak)
rCorr   +            r - +0 pair of gloves
SInv    +            (no barding)
Will    +....        (no amulet)
Stlth   +            d - ring of protection from cold
HPRegen 0.33/turn    s - ring of resist corrosion
MPRegen 0.14/turn

%: no passive effects
@: unable to read, very slow
A: AC +2, large, see invisible, deformed body, poison resistance, slowness 2,
spit poison 1, inability to train armour, naga tail 1, deterioration 1, robust
1, inability to read after injury 1
a: Spit Poison, Renounce Religion


You were in a bailey.
You worshipped Ru.
Ru was aware of your devotion.
You visited 2 branches of the dungeon, and saw 8 of its levels.
You also visited: Bailey.

You collected 274 gold pieces.

Inventory:

Hand Weapons
 a - a +3 hand axe
 f - a +0 spear
 m - a +0 short sword of holy wrath
 B - a +1 short sword of electrocution
Missiles
 j - 14 poisoned darts
 A - 2 throwing nets
Armour
 c - a +0 leather armour
 r - a +0 pair of gloves (worn)
 z - a +0 robe (worn)
 F - a +0 buckler (worn)
Magical Staves
 h - the staff of fire "Noussoni" (weapon) {rElec rF+ rCorr Str+4 Dex-2}
   (You acquired it on level 5 of the Dungeon)

   [staff of fire]

   Base accuracy: +5 Base damage: 5 Base attack delay: 1.2 This weapon's minimum
   attack delay (0.6) is reached at skill level 12.
   Str:       It affects your strength (+4).
   Dex:       It affects your dexterity (-2).
   rF:        It protects you from fire.
   rElec:     It insulates you from electricity.
   rCorr:     It protects you from acid and corrosion.
   It falls into the 'Staves' category.
   It is a one-handed weapon.
Jewellery
 b - an amulet of magic regeneration
 d - a ring of protection from cold (left hand)
 s - a ring of resist corrosion (right hand)
Wands
 G - a wand of acid (11)
Scrolls
 e - 4 scrolls of teleportation
 i - 3 scrolls of identify
 t - 2 scrolls of fog {unknown}
 u - a scroll of enchant armour {unknown}
 v - 2 scrolls of poison {unknown}
 w - 2 scrolls of vulnerability {unknown}
 y - a scroll of enchant weapon {unknown}
 C - 2 scrolls of magic mapping {unknown}
 E - 2 scrolls of immolation {unknown}
 I - a scroll of amnesia {unknown}
Potions
 g - a potion of brilliance
 k - 2 potions of flight {unknown}
 l - a potion of heal wounds {unknown}
 n - 4 potions of curing {unknown}
 p - a potion of might {unknown}
 q - 3 potions of degeneration {unknown}
 x - 2 potions of haste {unknown}
 D - a potion of lignification {unknown}
 H - a potion of resistance {unknown}


   Skills:
 - Level 5.0 Fighting
 - Level 2.0 Axes
 + Level 2.0 Shields
 + Level 5.2 Spellcasting
 + Level 5.7 Conjurations
 - Level 4.0 Fire Magic
 + Level 5.0 Earth Magic


You had 11 spell levels left.
You knew the following spells:

 Your Spells              Type           Power      Damage    Failure   Level
a - Foxfire               Conj/Fire      100%       2x1d9     2%          1
b - Stone Arrow           Conj/Erth      40%        3d9       7%          3
c - Passwall              Tmut/Erth      9%         N/A       11%         2

Your spell library contained the following spells:

 Spells                   Type           Power      Damage    Failure   Level
 Sandblast                Erth           38%        2d10      2%          1
 Volatile Blastmotes      Fire/Tloc      28%        2d12      26%         3
 Cigotuvi's Dreadful Rot  Necr/Pois/Air  6%         N/A       30%         2
 Ignite Poison            Fire/Tmut/Pois 11%        N/A       34%         3
 Freezing Cloud           Conj/Ice/Air   4%         6-21      95%         5


Dungeon Overview and Level Annotations

Branches:
Dungeon (7/15)             Temple (1/1) D:4          Bailey (1/1)

Altars:
Ashenzari
Cheibriados
Dithmenos
Elyvilon
Fedhas
Gozag
Kikubaaqudgha
Makhleb
Ru
Vehumet
Wu Jian
Xom
Yredelemnul
The Shining One

Annotations:
D:3 1 runed translucent door, Crazy Yiuf
D:4 3 runed translucent doors, Farlane's ghost, amateur HOMo


Innate Abilities, Weirdness & Mutations

Your serpentine skin is tough. (AC +2)
You have supernaturally acute eyesight. (SInv)
Armour fits poorly on your strangely shaped body.
Your system is resistant to poisons. (rPois)
You cover ground very slowly.
You can spit poison.
You cannot train Armour skill.
You have a snake-like lower body.
Your body sometimes deteriorates upon taking damage.
You are robust. (+10% HP)
You occasionally lose the ability to read scrolls when taking damage.


Message History

The orc warrior hits you with a +0 broad axe!
The orc warrior hits your foxfire with a +0 broad axe!
Unknown command.
You feel a surge of power!
You conjure some foxfire!
The foxfire hits the orc warrior but does no damage.
The orc warrior is lightly wounded.
The foxfire hits the orc warrior but does no damage.
The orc warrior is lightly wounded.
The foxfire hits the orc warrior!
The orc warrior is moderately wounded.
You block the orc warrior's attack.
The orc warrior hits your foxfire with a +0 broad axe.
Your foxfire dissipates!
You feel a surge of power!
You conjure some foxfire!
The foxfire hits the orc warrior.
The orc warrior is heavily wounded.
The orc warrior hits you with a +0 broad axe!
You feel threatened and lose the ability to read scrolls!
The orc warrior barely misses your foxfire.
Unknown command.
The orc warrior attacks as you move away!
You block the orc warrior's attack.
The orc warrior hits your foxfire with a +0 broad axe!
The foxfire hits the orc warrior but does no damage.
The orc warrior is heavily wounded.
The foxfire hits the orc warrior.
The orc warrior is heavily wounded.
The orc warrior hits you with a +0 broad axe!!
* * * LOW HITPOINT WARNING * * *
There is an open gate, spattered with blood here.
Things that are here:
a +0 hand axe; a +0 leather armour Unknown command.
Aiming: Corrosive Bolt
Press: ? - help, Shift-Dir - straight line, f - orc warrior
Aim: an orc warrior, wielding a +0 broad axe and wearing a +0 scale mail (heavily wounded, 64% to hit)
The bolt of acid hits the orc warrior!
The orc warrior is almost dead.
The orc warrior hits you with a +0 broad axe!
You die...

#### #≈≈§≈≈# ....
#≈≈≈§≈# .8.8.
#≈≈≈≈§######...#
#≈≈≈≈≈§.#......
######.≈≈≈≈~.#..).
#......≈≈≈≈~.#')####
###......≈≈≈≈~.#o....#
#..............@§....#
#∩..∩..........)..⌠..#
#..............'.....#
###......≈≈≈≈~.#.....#
#......≈≈≈≈~.#++####
######.≈≈≈≈~.#
#≈≈≈≈≈~.# #≈≈≈≈≈###
#≈≈≈≈≈#


You could see an orc warrior.

Vanquished Creatures
  A steam dragon (D:7)
  2 ogres
  2 phantoms
  A centaur (D:6)
  2 scorpions
  Blork the orc (D:5)
  2 quasits (D:6)
  An orc priest (D:6)
  3 hounds
  2 jellies
  Jessica (D:3)
  5 iguanas
  3 orc wizards
  7 adders
  9 gnolls
  4 shadow imps
  3 ufetubi
  A worm (D:4)
  5 dart slugs
  12 orcs
  6 ball pythons
  9 bats
  7 endoplasms
  18 giant cockroaches
  10 goblins
  4 hobgoblins
  15 kobolds
  5 quokkas
  6 frilled lizards
  7 rats
  2 butterflies (D:4)
156 creatures vanquished.

Vanquished Creatures (collateral kills)
  7 foxfires (D:6)
7 creatures vanquished.

Vanquished Creatures (others)
  A demonic plant (D:6)
  668 foxfires
  9 fungi (D:6)
  5 plants (D:3)
683 creatures vanquished.

Grand Total: 846 creatures vanquished

Notes
Turn   | Place    | Note
-------+----------+-------------------------------------------
     0 | D:1      | MajorAdolf the Naga Wanderer began the quest for the Orb.
     0 | D:1      | MajorAdolf set off with the following items: a +3 hand axe,
                  | a potion of mutation, a +0 leather armour; and the
                  | following spell memorised: Foxfire; and the following
                  | spells available to memorise: Volatile Blastmotes.
     0 | D:1      | Reached XP level 1. HP: 25/25 MP: 2/2
    74 | D:1      | Found a faded altar of an unknown god.
   208 | D:1      | Reached XP level 2. HP: 32/32 MP: 3/3
   214 | D:1      | Reached skill level 1 in Conjurations
   865 | D:1      | Reached XP level 3. HP: 39/39 MP: 2/5
  1735 | D:2      | Reached XP level 4. HP: 41/46 MP: 3/6
  2578 | D:2      | Learned a level 3 spell: Stone Arrow
  2609 | D:2      | Found a snail-covered altar of Cheibriados.
  2784 | D:3      | Found a snail-covered altar of Cheibriados.
  3081 | D:3      | Reached XP level 5. HP: 52/52 MP: 3/8
  3095 | D:3      | Reached skill level 1 in Earth Magic
  3356 | D:3      | Noticed Jessica
  3959 | D:3      | Found a runed translucent door.
  3960 | D:3      | Noticed Crazy Yiuf
  4043 | D:3      | Reached XP level 6. HP: 61/61 MP: 4/10
  4259 | D:3      | Killed Jessica
  4624 | D:4      | Learned a level 2 spell: Passwall
  4682 | D:4      | Found a staircase to the Ecumenical Temple.
  4802 | Temple   | Entered the Ecumenical Temple
  5039 | Temple   | Became a worshipper of Ru the Awakened
  5826 | Temple   | Reached XP level 7. HP: 37/67 MP: 2/12
  6131 | Temple   | Gained mutation: You have hidden genetic defects. [potion
                  | of mutation]
  6131 | Temple   | Gained mutation: You are robust. (+10% HP) [potion of
                  | mutation]
  6175 | D:4      | Noticed Farlane's ghost (amateur HOMo)
  6368 | D:4      | Found a runed translucent gate.
  6368 | D:4      | Found a runed translucent gate.
  6368 | D:4      | Found a runed translucent gate.
  6530 | D:5      | Entered Level 5 of the Dungeon
  6646 | D:4      | Gained mutation: You occasionally lose the ability to read
                  | scrolls when taking damage. [hidden defects]
  6713 | D:5      | Identified a scroll of acquirement
  6713 | D:5      | Acquired the staff of fire "Noussoni" {rElec rF+ rCorr
                  | Str+4 Dex-2}
  6963 | D:5      | Gained mutation: Your body sometimes deteriorates upon
                  | taking damage. [hidden defects]
  6963 | D:5      | Lost mutation: You have hidden genetic defects. [hidden
                  | defects expressed]
  7097 | D:5      | Reached XP level 8. HP: 81/81 MP: 8/14
  7232 | D:5      | Gained mutation: You cannot train Armour skill. [Ru
                  | sacrifice]
  7232 | D:5      | Reached * piety under Ru
  7456 | D:5      | Found a broken altar of Ashenzari.
  7457 | D:5      | Noticed Blork the orc
  7462 | D:5      | Killed Blork the orc
  7463 | D:5      | Reached skill level 5 in Conjurations
  7534 | D:5      | You fall into a shaft and drop 1 floor!
  7556 | D:6      | Found a shadowy altar of Dithmenos.
  7861 | D:6      | Found a radiant altar of Vehumet.
  8124 | D:6      | Reached skill level 1 in Shields
  8201 | D:6      | Reached skill level 5 in Spellcasting
  8396 | D:7      | Found a flagged portal.
  8408 | D:7      | Reached skill level 5 in Earth Magic
  8426 | Bailey   | Entered a bailey
  8581 | Bailey   | Slain by an orc warrior

Illustrated notes

Levels and vault maps discovered:
D:1:      tarquinn_simple_flora_water_c, layout_basic,
          ebering_ecumenical_altar_sacrificial, st_stairs_1
D:2:      minmay_roachtagon, layout_basic, basic_altar, minmay_ruptured
D:3:      layout_rooms, cheibriados_altar_1, lexackson_kobold_supper,
          uniq_crazy_yiuf_cottage, uniq_jessica
D:4:      layout_loops_ring, minmay_temple_entry_butterflies,
          gammafunk_ghost_icy, hex_large, grunt_ministairs_9
D:5:      layout_basic, cheibrodos_ashenzari_chains, kennysheep_generic_room_7,
          uniq_blork_the_orc
D:6:      layout_basic, mainiacjoe_overflow_tiny_flanked,
          nicolae_overflow_crystal_walls, serial_demonic, serial_demonic_d,
          serial_demonic_c, serial_demonic_b, serial_demonic_e,
          dreamdust_mushroom_princess
D:7:      layout_rooms, nicolae_ossuary_entry_monument, enter_bailey_2,
          nicolae_underground_beach
Temple:   dpeg_chambers_temple
Bailey:   bailey_axe_of_yendor_kennysheep, bailey

Skill      XL: |  1  2  3  4  5  6  7  8 |
---------------+-------------------------+-----
Conjurations   | 1 2 3 4 5 |  5.7
Fire Magic     | 3 4 |  4.0
Spellcasting   | 2 3 4 5 |  5.2
Earth Magic    | 1 2 4 5 |  5.0
Shields        | 2 |  2.0
Fighting       | |  5.0
Axes           | |  2.0

Action                     |  1- 3 |  4- 6 |  7- 9 || total
---------------------------+-------+-------+-------++-------
  Melee: Hand axe          |    11 |       |       ||    11
         Spear             |    14 |    26 |       ||    40
         Short sword       |       |     5 |    31 ||    36
         Punch             |       |       |     1 ||     1
   Cast: Foxfire           |    52 |   174 |   167 ||   393
         Stone Arrow       |       |       |     1 ||     1
 Invoke: Sacrifice Durabil |       |       |     1 ||     1
Ability: Spit Poison       |     8 |     7 |     1 ||    16
  Evoke: Wand              |       |       |     1 ||     1
    Use: Scroll            |       |     1 |     3 ||     4
         Potion            |       |       |     1 ||     1
 Armour: Leather armour    |    18 |    20 |       ||    38
         Robe              |       |    10 |    45 ||    55
  Dodge: Dodged            |    19 |    45 |    64 ||   128
  Block: Buckler           |       |       |     9 ||     9
